 Dungeon Crawl Stone Soup version 0.32-a0-607-g64ea0e4219 (webtiles) character file.

Game seed: 6996225081936682262

41857 jasper the Brawler (level 13, -1/108 HPs)
             Began as a Demonspawn Cinder Acolyte on Mar 3, 2024.
             Was an Initiate of Jiyva.
             Slain by a komodo dragon (27 damage)
             ... on level 5 of the Lair of Beasts.
             The game lasted 00:25:49 (20296 turns).

jasper the Brawler (Demonspawn Cinder Acolyte)     Turns: 20296, Time: 00:25:50

Health: -1/108     AC:  9    Str: 20    XL:     13   Next: 82%
Magic:  23/23      EV: 14    Int: 15    God:    Jiyva [......]
Gold:   1473       SH: 14    Dex: 11    Spells: 14/14 levels left

rFire   . .          .
                       - Unarmed
rCold   + . .        O - +0 kite shield
rNeg    + . .        F - +2 leather armour of Kael {rPois rN+ MP+9}
rPois   +            u - +2 hat
rElec   .            D - +1 cloak
rCorr   .            d - +1 pair of gloves
SInv    .            x - +2 pair of boots
Will    .....        t - amulet "Jaxicu" {Reflect rC+ Dex+3 SH+5}
Stlth   +            E - ring of flight
HPRegen 0.38/turn    (no ring)
MPRegen 0.18/turn

%: reflection
@: mighty, corroded, flying, fire susceptible
A: claws 2, slimy green scales 2, demonic guardian 1, powered by pain 3,
corrupting presence 1
a: Renounce Religion


You were on level 5 of the Lair of Beasts.
You worshipped Jiyva.
Jiyva was noncommittal.
You visited 2 branches of the dungeon, and saw 16 of its levels.
You also visited: Bailey.

You collected 1894 gold pieces.
You spent 421 gold pieces at shops.

Inventory:

Hand Weapons
 S - the +8 whip "Snakebite" {venom, curare, rPois}
   (You found it on level 4 of the Lair of Beasts)

   rPois:     It protects you from poison.
Missiles
 g - 123 stones
 n - 5 boomerangs (quivered)
 o - 32 poisoned darts
 q - 5 throwing nets
 v - 3 silver javelins
 R - 2 javelins
Armour
 b - a +0 robe
 d - a +1 pair of gloves (worn)
 e - a +0 leather armour
 i - the +4 leather armour of the Blind Marksman {Str+6}
   (You found it on level 3 of the Dungeon)

   Str+6:     It affects your strength (+6).
 u - a +2 hat (worn)
 w - +0 steam dragon scales
 x - a +2 pair of boots (worn)
 y - a +0 helmet
 D - a +1 cloak (worn)
 F - the +2 leather armour of Kael (worn) {rPois rN+ MP+9}
   (You found it on level 10 of the Dungeon)

   rPois:     It protects you from poison.
   rN+:       It protects you from negative energy.
   MP+9:      It affects your magic capacity (+9).
 O - a +0 kite shield (worn)
Jewellery
 t - the amulet "Jaxicu" (around neck) {Reflect rC+ Dex+3 SH+5}
   (You found it on level 5 of the Dungeon)

   [amulet of reflection]

   Reflect:   It reflects blocked missile attacks.
   Dex+3:     It affects your dexterity (+3).
   rC+:       It protects you from cold.
   SH+5:      It affects your SH (+5).
 E - a ring of flight (left hand)
Talismans
 p - a maw talisman
Wands
 r - a wand of warping (31)
 A - a wand of flame (12)
 G - a wand of polymorph (6)
 Q - a wand of paralysis (7)
Scrolls
 c - a scroll of blinking
 f - a scroll of torment
 l - 5 scrolls of teleportation
 C - 2 scrolls of fog
 J - a scroll of immolation
 N - a scroll of fear
Potions
 h - 7 potions of haste
 j - 3 potions of might
 k - 3 potions of ambrosia
 m - 3 potions of heal wounds
 z - 2 potions of resistance
 B - 7 potions of curing {unknown}
 H - 2 potions of mutation {unknown}
 I - 4 potions of magic {unknown}
 K - a potion of invisibility {unknown}
 L - a potion of brilliance {unknown}
 P - a potion of enlightenment {unknown}


   Skills:
 - Level 12.0 Fighting
 - Level 4.7 Maces & Flails
 - Level 10.0 Dodging
 + Level 5.1 Shields
 - Level 15.0 Unarmed Combat
 - Level 1.0 Spellcasting
 - Level 2.6 Fire Magic
 - Level 5.0 Evocations


You had 14 spell levels left.
You didn't know any spells.
Your spell library contained the following spells:

 Spells                   Type           Power      Damage    Failure   Level
 Scorch                   Fire           16%        2d5       32%         2
 Apportation              Tloc           0%         N/A       54%         1
 Necrotise                Necr           0%         1d4       54%         1
 Sandblast                Erth           0%         2d4       54%         1
 Sting                    Conj/Alch      0%         1d3       54%         1
 Summon Small Mammal      Summ           0%         N/A       54%         1
 Inner Flame              Hex/Fire       4%         N/A       75%         3
 Call Canine Familiar     Summ           0%         N/A       89%         3
 Frozen Ramparts          Ice            0%         1d1       89%         3
 Passwall                 Erth           0%         N/A       89%         3
 Sigil of Binding         Hex            0%         N/A       89%         3
 Stone Arrow              Conj/Erth      0%         3d7       89%         3
 Ignite Poison            Fire/Alch      4%         N/A       98%         4
 Sticky Flame             Fire/Alch      4%         2d4       98%         4
 Animate Armour           Summ/Erth      0%         N/A       100%        4
 Brom's Barrelling Bould  Conj/Erth      0%         2d3       100%        4
 Dimensional Bullseye     Hex/Tloc       0%         N/A       100%        4
 Leda's Liquefaction      Alch/Erth      0%         N/A       100%        4
 Petrify                  Alch/Erth      0%         N/A       100%        4
 Irradiate                Conj/Alch      0%         3d11      100%        5
 Metabolic Englaciation   Hex/Ice        0%         N/A       100%        5
 Malign Gateway           Summ/Tloc      0%         N/A       100%        7
 Ignition                 Fire           4%         3d4       100%        8
 Lehudib's Crystal Spear  Conj/Erth      0%         10d2      100%        8
 Summon Horrible Things   Summ           0%         N/A       100%        8


Dungeon Overview and Level Annotations

Branches:
Dungeon (11/15)            Temple (0/1) D:7            Lair (5/5) D:8
  Swamp (0/4) Lair:2        Snake (0/4) Lair:3        Slime (0/5) Lair:4
    Orc (0/2) D:9          Bailey (visited)

Altars:
Ru
Trog
Uskayaw
Jiyva

Shops:
D:7 ?   D:11 [

Annotations:
D:3 3 runed translucent doors, BeKind's ghost, amateur BaIE; DeathSocks's ghost, weakling DEDe; cforsyth's ghost, amateur MDNe
D:11 2 runed translucent doors, AutarchDCSS's ghost, novice DsFi
Lair:2 exclusion: oklob plant, Snorg


Innate Abilities, Weirdness & Mutations

You have very sharp fingernails.
You are mostly covered in slimy green scales. (AC +3)
A weak demonic guardian rushes to your aid.
You are powered by pain.
Your presence sometimes corrodes those you injure.


Message History

The komodo dragon is moderately wounded.
You barely miss the komodo dragon.
The komodo dragon is moderately wounded.
You block the komodo dragon's attack. You block the goliath frog's attack.
You punch the komodo dragon!
The komodo dragon is heavily wounded.
You block the goliath frog's attack.
The komodo dragon completely misses you.
The goliath frog hits you!
You are splashed with acid!
You take 15 damage, and have 78/108 hp.
You pummel the goliath frog!!
The goliath frog is heavily wounded.
The goliath frog hits you but does no damage.
You barely miss the goliath frog.
The goliath frog is heavily wounded.
You pummel the cane toad!!
Your corrupting presence corrodes the cane toad!
The cane toad is heavily wounded.
The goliath frog hits you but does no damage.
The cane toad barely misses you.
You pummel the cane toad!!
You kill the cane toad!
The goliath frog completely misses you.
You pummel the goliath frog!!
The goliath frog is almost dead.
The goliath frog hits you!
A demonic guardian appears!
The acid corrodes you!
You are splashed with acid!
The komodo dragon bites you!
You take 30 damage, and have 50/108 hp.
MASSIVE DAMAGE!!
You miss the goliath frog.
The goliath frog is almost dead.
The goliath frog closely misses you. The goliath frog hits you!
The acid corrodes you!
You are splashed with acid!
* * * LOW HITPOINT WARNING * * *
The komodo dragon closely misses you.
You take 25 damage, and have 25/108 hp.
MASSIVE DAMAGE!!
You closely miss the goliath frog.
The goliath frog is almost dead.
The goliath frog misses you. The komodo dragon bites you!!
You die...
Jiyva sends a jelly to digest your remains.

### ###
P.###..#####..#.
.................
............... ..
.........P5.# ..#
.......#.@FP# ..##
........##l######...#
........#.##.#......#
......F..l...........
.....................
.........##....#..#.
.P..#P.####....#.#
..~..~~ #..#<..#
....~.#..............


You could see a komodo dragon, a goliath frog (ally target) and a friendly white
imp (summoned).

Vanquished Creatures
  An eleionoma (Lair:2)
  2 vault guards (Bailey)
  Fannar (D:11)
  2 hydras
  2 two-headed ogres
  A catoblepas (Lair:4)
  Nergalle (Lair:3)
  A skyshark (Lair:4)
  A lindwurm (Lair:3)
  2 wolf spiders (Lair:1)
  Joseph (D:8)
  9 elephants (Lair:4)
  2 black mambas
  14 cane toads
  A rime drake (Lair:1)
  An efreet (D:11)
  5 kobold demonologists
  6 komodo dragons
  A queen bee (Lair:2)
  6 trolls
  Prince Ribbit (D:8)
  10 blink frogs
  Grinder (D:3)
  15 dream sheep
  Sigmund (D:4)
  6 wyverns
  Eustachio (D:4)
  3 humans (Bailey)
  2 basilisks
  3 steam dragons
  33 yaks
  6 fire elementals (Lair:4)
  4 vampire mosquitoes (Lair:4)
  3 nagas (Lair:3)
  20 water moccasins
  Duvessa (D:4)
  A sky beast (D:7)
  2 ice beasts
  2 black bears
  A centaur (D:8)
  9 wolves
  A phantom (D:6)
  2 kobold brigands
  16 bullfrogs
  2 scorpions (D:6)
  3 wights (D:8)
  Dowan (D:4)
  23 killer bees
  2 electric eels (Lair:4)
  3 howler monkeys (D:9)
  A bombardier beetle (D:7)
  A jelly (D:7)
  Crazy Yiuf (D:4)
  2 hounds (D:4)
  6 orc priests
  A gnoll bouda (D:8)
  Jessica (D:3)
  Natasha (thrice) (D:3)
  6 orc wizards
  13 gnolls
  8 adders
  A shadow imp (D:5)
  A white imp (D:5)
  2 dart slugs
  3 ribbon worms
  18 orcs
  8 ball pythons
  11 endoplasms
  6 giant cockroaches
  11 goblins
  4 hobgoblins
  7 jackals
  5 quokkas
  7 bats
  5 frilled lizards
  14 kobolds
  6 rats
390 creatures vanquished.

Vanquished Creatures (collateral kills)
  A black mamba (Lair:2)
  A cane toad (Lair:4)
  A troll (D:11)
  A dream sheep (Lair:2)
  A wraith (D:7)
  2 fire elementals (Lair:4)
  A vampire mosquito (Lair:4)
  A kobold brigand (D:11)
  An orc wizard (D:4)
  A kobold (D:11)
11 creatures vanquished.

Grand Total: 401 creatures vanquished

Notes
Turn   | Place    | Note
-------+----------+-------------------------------------------
     0 | D:1      | jasper the Demonspawn Cinder Acolyte began the quest for
                  | the Orb.
     0 | D:1      | Reached XP level 1. HP: 18/18 MP: 2/2
   140 | D:1      | Gained mutation: You sometimes gain a little power by
                  | taking damage. [demonic ancestry]
   140 | D:1      | Reached XP level 2. HP: 22/24 MP: 3/3
   168 | D:1      | Found a faded altar of an unknown god.
   470 | D:1      | Gained mutation: You sometimes gain power by taking damage.
                  | [demonic ancestry]
   470 | D:1      | Reached XP level 3. HP: 29/29 MP: 4/4
  1828 | D:3      | Noticed Jessica
  1830 | D:3      | Killed Jessica
  1831 | D:3      | Gained mutation: You have sharp fingernails. [demonic
                  | ancestry]
  1831 | D:3      | Reached XP level 4. HP: 35/35 MP: 5/5
  1926 | D:3      | Noticed Natasha
  1931 | D:3      | Killed Natasha
  1932 | D:3      | Reached skill level 1 in Unarmed Combat
  1966 | D:3      | Identified the +4 leather armour of the Blind Marksman
                  | {Str+6}
  2118 | D:3      | Noticed Natasha
  2132 | D:3      | Killed Natasha
  2133 | D:3      | Gained mutation: A weak demonic guardian rushes to your
                  | aid. [demonic ancestry]
  2133 | D:3      | Reached XP level 5. HP: 23/41 MP: 6/6
  2151 | D:3      | Noticed Natasha
  2159 | D:3      | Killed Natasha
  2416 | D:3      | Reached skill level 2 in Unarmed Combat
  2540 | D:3      | Noticed Grinder
  2562 | D:3      | Killed Grinder
  2563 | D:3      | Reached skill level 3 in Unarmed Combat
  2563 | D:3      | Reached XP level 6. HP: 30/48 MP: 7/7
  2702 | D:3      | Found a runed translucent gate.
  2702 | D:3      | Found a runed translucent gate.
  2702 | D:3      | Found a runed translucent gate.
  2703 | D:3      | Noticed cforsyth's ghost (amateur MDNe)
  2703 | D:3      | Noticed BeKind's ghost (amateur BaIE)
  2703 | D:3      | Noticed DeathSocks's ghost (weakling DEDe)
  3113 | D:4      | Found a glowing drain.
  3116 | D:4      | Noticed Duvessa
  3124 | D:4      | Noticed Dowan
  3132 | D:4      | Killed Dowan
  3133 | D:4      | Reached skill level 4 in Unarmed Combat
  3269 | D:4      | Found a bloodstained altar of Trog.
  3317 | D:4      | Reached XP level 7. HP: 45/55 MP: 8/8
  3341 | D:5      | Entered Level 5 of the Dungeon
  3493 | D:5      | Identified the +1 sling "Pacyuto" {elec, rPois rCorr Int-5
                  | Dex+8}
  3653 | D:5      | Identified the amulet "Jaxicu" {Reflect rC+ Dex+3 SH+5}
  4138 | D:5      | Reached skill level 5 in Fighting
  4138 | D:5      | Reached skill level 5 in Unarmed Combat
  4901 | D:6      | Noticed a steam dragon
  4918 | D:6      | Killed a steam dragon
  4919 | D:6      | Reached skill level 6 in Unarmed Combat
  4919 | D:6      | Gained mutation: You have very sharp fingernails. [demonic
                  | ancestry]
  4919 | D:6      | Reached XP level 8. HP: 52/64 MP: 9/9
  5339 | D:7      | Found a staircase to the Ecumenical Temple.
  5445 | D:7      | Reached skill level 7 in Unarmed Combat
  5755 | D:7      | Found The Oracle's Delphic Readings.
  5759 | D:7      | Bought a scroll of teleportation for 39 gold pieces
  5759 | D:7      | Bought a scroll of identify for 26 gold pieces
  5759 | D:7      | Bought a scroll of identify for 26 gold pieces
  5759 | D:7      | Bought a scroll of vulnerability for 52 gold pieces
  5759 | D:7      | Bought a scroll of identify for 26 gold pieces
  6216 | D:8      | Reached skill level 8 in Unarmed Combat
  6239 | D:8      | Gained mutation: You are partially covered in slimy green
                  | scales. (AC +2) [demonic ancestry]
  6239 | D:8      | Reached XP level 9. HP: 45/72 MP: 10/10
  6543 | D:8      | Noticed a two-headed ogre
  6552 | D:8      | Killed a two-headed ogre
  6553 | D:8      | Reached skill level 9 in Unarmed Combat
  6570 | D:8      | Noticed Joseph
  6581 | D:8      | Killed Joseph
  6735 | D:8      | Noticed Prince Ribbit
  6751 | D:8      | Killed Prince Ribbit
  6970 | D:8      | Found a staircase to the Lair.
  7064 | D:8      | Reached skill level 10 in Unarmed Combat
  7471 | D:9      | Gained mutation: You are powered by pain. [demonic
                  | ancestry]
  7471 | D:9      | Reached XP level 10. HP: 59/82 MP: 11/11
  7702 | D:9      | Found a staircase to the Orcish Mines.
  8415 | D:10     | Entered Level 10 of the Dungeon
  8416 | D:10     | Identified the +2 leather armour of Kael {rPois rN+ MP+9}
  8440 | D:10     | Found a flagged portal.
  8450 | Bailey   | Entered a bailey
  8480 | Bailey   | Reached skill level 11 in Unarmed Combat
  8615 | Bailey   | Reached skill level 1 in Evocations
  8647 | Bailey   | Reached skill level 1 in Dodging
  8674 | Bailey   | Noticed a vault guard
  8688 | Bailey   | Killed a vault guard
  8769 | Bailey   | Identified a scroll of acquirement
  8769 | Bailey   | Acquired 1017 gold pieces
  8784 | Bailey   | Noticed a vault guard
  8794 | Bailey   | Killed a vault guard
  8795 | Bailey   | Reached skill level 10 in Fighting
  9053 | D:10     | Found a hide-covered altar of Uskayaw.
  9253 | D:10     | Gained mutation: You are mostly covered in slimy green
                  | scales. (AC +3) [demonic ancestry]
  9253 | D:10     | Reached XP level 11. HP: 48/90 MP: 12/12
  9868 | D:11     | Noticed a two-headed ogre
 10258 | D:11     | Reached skill level 5 in Evocations
 10435 | D:11     | Noticed a skeletal warrior
 10437 | D:11     | Noticed AutarchDCSS's ghost (novice DsFi)
 10437 | D:11     | Noticed a lich
 10437 | D:11     | Noticed a fire dragon
 10438 | D:11     | Noticed a flayed ghost
 10439 | D:11     | Noticed a stone giant
 10439 | D:11     | Noticed a skeletal warrior
 10510 | D:11     | Reached skill level 5 in Dodging
 10621 | D:11     | Found a runed translucent door.
 10626 | D:11     | Noticed a necromancer
 10632 | D:11     | Found a runed translucent door.
 10693 | D:11     | Noticed a sun demon
 10750 | D:11     | Noticed a soul eater
 11066 | D:11     | Noticed Fannar
 11118 | D:11     | Killed Fannar
 11252 | D:11     | Found Tuirolei's Armour Emporium.
 11257 | D:11     | Bought a +2 pair of boots for 198 gold pieces
 11262 | D:11     | Bought a +0 helmet for 54 gold pieces
 11299 | D:11     | Killed a two-headed ogre
 11624 | D:11     | Noticed a skeletal warrior
 12156 | D:4      | Killed Duvessa
 12214 | D:4      | Found a sacrificial altar of Ru.
 12257 | D:4      | Noticed Sigmund
 12264 | D:4      | Killed Sigmund
 12410 | D:4      | Noticed Eustachio
 12425 | D:4      | Killed Eustachio
 12629 | D:4      | Found a runed translucent door.
 12630 | D:4      | Noticed Crazy Yiuf
 12637 | D:4      | Killed Crazy Yiuf
 12772 | Lair:1   | Entered Level 1 of the Lair of Beasts
 13003 | Lair:1   | Reached skill level 12 in Unarmed Combat
 13309 | Lair:1   | Gained mutation: Your presence sometimes corrodes those you
                  | injure. [demonic ancestry]
 13309 | Lair:1   | Reached XP level 12. HP: 99/99 MP: 13/13
 14762 | Lair:2   | Reached skill level 13 in Unarmed Combat
 14780 | Lair:2   | Noticed an eleionoma
 15068 | Lair:2   | Identified the +8 arbalest "Jeohexka" {flame, Str+4}
 15106 | Lair:2   | Killed an eleionoma
 15279 | Lair:2   | Found a staircase to the Swamp.
 15419 | Lair:2   | Noticed an eight-headed hydra
 15427 | Lair:2   | Killed an eight-headed hydra
 15798 | Lair:3   | Noticed Nergalle
 15808 | Lair:2   | HP: 1/98 [black mamba (9)]
 16084 | Lair:3   | Noticed Snorg
 16372 | Lair:3   | Killed Nergalle
 16373 | Lair:3   | Reached XP level 13. HP: 68/106 MP: 14/14
 16804 | Lair:3   | Reached skill level 14 in Unarmed Combat
 17133 | Lair:3   | Found a staircase to the Snake Pit.
 17965 | Lair:4   | Found a viscous altar of Jiyva.
 17966 | Lair:4   | Found a staircase to the Slime Pits.
 18527 | Lair:4   | Fell from the grace of Ignis
 18527 | Lair:4   | Became a worshipper of Jiyva Jasuttio the Shapeless
 18781 | Lair:4   | Found the +8 whip "Snakebite" {venom, curare, rPois}
 18861 | Lair:5   | Entered Level 5 of the Lair of Beasts
 19165 | Lair:4   | Reached skill level 15 in Unarmed Combat
 19219 | Lair:4   | Reached skill level 10 in Dodging
 19369 | Lair:4   | Reached skill level 1 in Shields
 19690 | Lair:4   | HP: 3/108 [fire elemental[the fiery vengeance of Ignis]
                  | (10)]
 19711 | Lair:4   | HP: 3/108 [fire elemental[the fiery vengeance of Ignis]
                  | (7)]
 20267 | Lair:5   | Reached skill level 5 in Shields
 20296 | Lair:5   | Slain by a komodo dragon

Illustrated notes

Levels and vault maps discovered:
D:1:      evilmike_arrival_crescent, layout_loops_ring,
          ebering_ecumenical_altar_webs
D:2:      layout_loops_corners
D:3:      wad_pebble_path, layout_loops_cross, gammafunk_ghost_cemetery,
          uniq_jessica, uniq_natasha, uniq_grinder
D:4:      layout_loops_corners, mainiacjoe_overflow_catwalk_spiral,
          portal_sewer_entry_b, uniq_duvessa, uniq_sigmund, uniq_eustachio,
          uniq_crazy_yiuf_cottage
D:5:      layout_loops_ring
D:6:      layout_loops_ring
D:7:      layout_rooms, minmay_temple_entry_waves, nicolae_nh_oracle_at_delphi
D:8:      layout_loops_ring, dpeg_oklobed_lair, uniq_joseph, uniq_prince_ribbit1
D:9:      layout_loops_corners, orc_0_dummy
D:10:     layout_basic, mainiacjoe_overflow_tiny_flanked, enter_bailey_3
D:11:     layout_rooms, muffindrake_ghost_dual_entry, serial_shops, shop,
          minmay_tree_intersection, uniq_fannar
Lair:1:   layout_long_grid, minivault_25, nicolae_lair_run_with_the_wolves,
          lemuel_fruit_tree
Lair:2:   layout_loops_ring, alex1729_swamp_entry_worm_eleionoma, special_room
          [special_room_bee]
Lair:3:   layout_cave_shapes, nicolae_snake_entry_squirm, uniq_nergalle,
          uniq_snorg
Lair:4:   minmay_guarded_unrand_snakebite, layout_cave_pods, slime_entry_1,
          serial_bayou_lake_a
Lair:5:   minmay_lair_end_frog_pond, layout_long_grid

Skill      XL: |  1  2  3  4  5  6  7  8  9 10 11 12 13 |
---------------+----------------------------------------+-----
Maces & Flails | 3 4 |  4.7
Unarmed Combat | 1 3 4 6 8 10 11 12 13 15 | 15.0
Fighting       | 4 5 7 8 10 11 12 | 12.0
Evocations     | 4 5 |  5.0
Dodging        | 3 7 8 10 | 10.0
Shields        | 5 |  5.1
Spellcasting   | |  1.0
Fire Magic     | |  2.6

Action                     |  1- 3 |  4- 6 |  7- 9 | 10-12 | 13-15 || total
---------------------------+-------+-------+-------+-------+-------++-------
  Melee: Mace              |   134 |    93 |       |       |       ||   227
         Unarmed           |       |    60 |   274 |   752 |   473 ||  1559
         Punch             |       |       |    16 |    32 |       ||    48
   Fire: Sling             |       |       |    33 |       |       ||    33
         Arbalest          |       |       |       |     2 |       ||     2
  Throw: Stone             |     1 |       |       |       |       ||     1
         Boomerang         |       |     3 |     2 |    11 |     1 ||    17
 Invoke: Fiery Armour      |       |     3 |     3 |     3 |     1 ||    10
         Rising Flame      |       |     1 |       |       |       ||     1
  Evoke: Wand              |       |     4 |     6 |    12 |     3 ||    25
    Use: Scroll            |     2 |       |     7 |    10 |       ||    19
         Potion            |       |       |       |     4 |     3 ||     7
   Stab: Sleeping          |     1 |       |       |       |       ||     1
         Paralysed         |       |       |     3 |    11 |       ||    14
         Distracted        |       |       |       |       |     1 ||     1
         Petrified         |       |       |       |       |     1 ||     1
 Armour: Robe              |    17 |       |       |       |       ||    17
         Leather armour    |    81 |   131 |   171 |   416 |   311 ||  1110
  Dodge: Dodged            |    78 |    99 |   100 |   318 |   271 ||   866
  Block: Other             |       |       |    45 |   118 |       ||   163
         Reflection        |       |       |       |     2 |       ||     2
         Kite shield       |       |       |       |   112 |   360 ||   472

Table legend: (Time is in decaauts)
 A = Elapsed time spent in this place.
 B = Non-inter-level travel time spent in this place.
 C = Inter-level travel time spent in this place.
 D = Time resting spent in this place.
 E = Time spent auto-exploring this place.
 F = Levels seen in this place.
 G = Mean time per level.
                   A        B        C        D        E       F      G
               +--------+--------+--------+--------+--------+-----+--------+
         Total |  20156 |  19383 |    773 |   4062 |  11553 |  17 | 1185.6 |
       Dungeon |  12374 |  11873 |    501 |   1986 |   7822 |  11 | 1124.9 |
          Lair |   7392 |   7120 |    272 |   1977 |   3631 |   5 | 1478.4 |
        Bailey |    389 |    389 |      0 |     99 |     99 |   1 |  389.0 |
               +--------+--------+--------+--------+--------+-----+--------+

Top non-repeatable levels by time:
  Lair:4: 2759 daAuts
  Lair:2: 1860 daAuts
    D:11: 1611 daAuts
  Lair:1: 1584 daAuts
    D:10: 1310 daAuts
     D:8: 1309 daAuts
     D:3: 1300 daAuts
     D:5: 1118 daAuts
     D:9: 1110 daAuts
  Lair:3: 1091 daAuts
     D:4: 1083 daAuts
     D:2: 988 daAuts
     D:7: 885 daAuts
     D:1: 872 daAuts
     D:6: 784 daAuts
